 Dungeon Crawl Stone Soup version 0.21-a0-264-g3e31e41 (webtiles) character file.

322 tof the Twirler (level 6, -1/46 HPs)
             Began as a Demonspawn Gladiator on Sept 8, 2017.
             Was a Follower of Okawaru.
             Slain by a two-headed ogre
             ... wielding a +0 giant club
              (22 damage)
             ... on level 4 of the Dungeon.
             The game lasted 00:08:52 (3108 turns).

tof the Twirler (Demonspawn Gladiator)              Turns: 3108, Time: 00:08:53

Health: -1/46      AC:  8    Str: 14    XL:     6   Next: 22%
Magic:  6/6        EV: 12    Int:  9    God:    Okawaru [*.....]
Gold:   195        SH:  0    Dex: 17    Spells: 5/5 levels left

rFire    . . .     SeeInvis .   g - +4 quarterstaff (chaos)
rCold    . . .     Gourm    .   (shield currently unavailable)
rNeg     . . .     Faith    .   r - +0 ring mail
rPois    .         Spirit   .   c - +0 helmet
rElec    .         Reflect  .   (no cloak)
rCorr    .         Harm     .   (no gloves)
MR       +....                  (no boots)
Stlth    ++........             n - amulet of magic regeneration
HPRegen  0.15/turn              e - +2 ring of protection
MPRegen  0.35/turn              y - ring of protection from magic

@: no status effects
A: hooves 1, nightstalker 1
a: Heroism, Renounce Religion


You were on level 4 of the Dungeon.
You worshipped Okawaru.
Okawaru was aware of your devotion.
You were not hungry.

You visited 1 branch of the dungeon, and saw 4 of its levels.

You collected 195 gold pieces.

Inventory:

Hand Weapons
 a - a +0 quarterstaff
 g - a +4 quarterstaff of chaos (weapon)
Missiles
 d - 3 throwing nets (quivered)
 h - 9 poisoned needles
 i - 2 needles of sleeping
Armour
 c - a +0 helmet (worn)
 r - a +0 ring mail (worn)
Jewellery
 e - a +2 ring of protection (left hand)
 n - an amulet of magic regeneration (around neck)
 y - a ring of protection from magic (right hand)
Wands
 z - a wand of confusion (16/48)
Scrolls
 j - 2 scrolls of fog
 o - 2 scrolls of teleportation
 p - 3 scrolls of blinking
 w - 3 scrolls of amnesia
Potions
 b - 3 potions of heal wounds
 m - 2 potions of degeneration {unknown}
 s - 2 potions of agility {unknown}
 u - 3 potions of brilliance {unknown}
 x - a potion of cancellation {unknown}
 A - 2 potions of curing {unknown}
Comestibles
 f - 3 bread rations
 k - 8 fruits
 l - a meat ration
 q - 2 royal jellies
 v - 5 chunks of flesh


   Skills:
 + Level 2.8 Fighting
 * Level 4.1 Staves
 + Level 2.8 Throwing
 + Level 2.2 Armour
 + Level 3.4 Dodging
 + Level 1.7 Stealth


You had 5 spell levels left.
You didn't know any spells.

Dungeon Overview and Level Annotations

Branches:
Dungeon (4/15)
 Temple: D:4-7

Altars:
Ashenzari
Okawaru
Vehumet


Innate Abilities, Weirdness & Mutations

You have large cloven feet.
You are slightly more attuned to the shadows.


Message History

You feel agile.
Things that are here:
a giant club; an ogre corpse You butcher the ogre corpse.
v - 6 chunks of flesh (gained 2)
You see here a giant club.
You start resting.
Some of the chunks of flesh in your inventory have rotted away.
HP restored.
f - 3 bread rations (gained 1)
A two-headed ogre comes into view. It is wielding two giant clubs.
The two-headed ogre shouts in stereo!
Found 18 gold pieces.
A jackal comes into view.
There is a stone staircase leading up here.
You closely miss the two-headed ogre.
The two-headed ogre hits you with a giant club!!
Ouch! That really hurt!
The two-headed ogre hits you with a giant club!!
You die...

......########....#..#...# .
.[..<..#........####.##..##.
.........####..#............
........#........####.......
..........###.######....####
.........#....# #.....#
........#..#### ###.#..##
.......##.## ##.......#
.รท.)...#..# #@O.####.#
.........## ###..## $..
.[.......# #...## ##..#
.........### #..## #.#
...........###..# .O.
................# h.
........###.##......
........##..#######.
#####.####.##


You could see a two-headed ogre.

Vanquished Creatures
  An ogre (D:4)
  A hound (D:4)
  Crazy Yiuf (D:3)
  A worker ant (D:4)
  Robin (D:2)
  6 adders
  3 dart slugs
  A leopard gecko (D:4)
  13 orcs
  2 ball pythons (D:2)
  6 bats
  3 giant cockroaches
  11 goblins
  6 hobgoblins
  5 jackals
  A quokka (D:3)
  A frilled lizard (D:2)
  2 kobolds (D:3)
  A quokka skeleton (D:3)
  7 rats
73 creatures vanquished.

Notes
Turn   | Place    | Note
-------+----------+-------------------------------------------
     0 | D:1      | tof the Demonspawn Gladiator began the quest for the Orb.
     0 | D:1      | Reached XP level 1. HP: 16/16 MP: 1/1
   149 | D:1      | Gained mutation: You are slightly more attuned to the shadows. [demonic ancestry]
   149 | D:1      | Reached XP level 2. HP: 21/22 MP: 2/2
   382 | D:1      | Reached skill level 1 in Armour
   813 | D:2      | Reached XP level 3. HP: 27/27 MP: 3/3
   840 | D:2      | Noticed Robin
   865 | D:2      | Reached skill level 3 in Staves
   884 | D:2      | Killed Robin
  1671 | D:3      | Found an iron altar of Okawaru.
  1671 | D:3      | Found a radiant altar of Vehumet.
  1674 | D:3      | Gained mutation: You have large cloven feet. [demonic ancestry]
  1674 | D:3      | Reached XP level 4. HP: 33/33 MP: 4/4
  1835 | D:3      | Became a worshipper of Warmaster Okawaru
  2325 | D:3      | Reached skill level 1 in Stealth
  2427 | D:3      | Found a runed door.
  2431 | D:3      | Noticed Crazy Yiuf
  2440 | D:3      | HP: 1/34 [Crazy Yiuf/quarterstaff of chaos (11)]
  2442 | D:3      | Killed Crazy Yiuf
  2442 | D:3      | Reached XP level 5. HP: 2/39 MP: 5/5
  2905 | D:4      | Found a shattered altar of Ashenzari.
  2979 | D:4      | Noticed an ogre
  2989 | D:4      | Killed an ogre
  2989 | D:4      | Reached * piety under Okawaru
  2989 | D:4      | Reached skill level 4 in Staves
  2989 | D:4      | Reached XP level 6. HP: 38/46 MP: 6/6
  3096 | D:4      | Noticed a two-headed ogre
  3108 | D:4      | Slain by a two-headed ogre

Vault maps used:
D:1:      ncdulo_wetmaze
D:2:      uniq_robin
D:3:      chequers_temple_overflow_statue_of_worship, uniq_crazy_yiuf_cottage
D:4:      cheibrodos_ashenzari_chains, st_stairs_11

Skill      XL: |  1  2  3  4  5 |
---------------+----------------+-----
Throwing       | 2 |  2.8
Armour         | 1 2 |  2.2
Dodging        | 3 |  3.4
Staves         | 3 4 |  4.1
Stealth        | 1 |  1.7
Fighting       | |  2.8

Action                   |  1- 3 |  4- 6 || total
-------------------------+-------+-------++-------
Melee: Quarterstaff      |   102 |    91 ||   193
       Kick              |       |    17 ||    17
  Use: Scroll            |       |     7 ||     7
 Stab: Sleeping          |     2 |     3 ||     5
       Paralysed         |       |     1 ||     1
  Eat: Chunk             |     2 |     5 ||     7
Armor: Leather armour    |    24 |       ||    24
       Scale mail        |     4 |       ||     4
       Ring mail         |    20 |    24 ||    44
Dodge: Dodged            |    87 |    49 ||   136

Table legend:
 A = Spawn XP
 B = Non-spawn XP
 C = Spawn XP percentage of total XP
 D = Spawn monster count
 E = Non-spawn monster count
 F = Spawn count percentage of total count
 G = Total turns spent on level
                    A         B        C        D         E        F      G
               +---------+---------+-------+---------+---------+-------+---------
         Total |       0 |     461 |   0.0 |       0 |      73 |   0.0 |  3108
               +---------+---------+-------+---------+---------+-------+---------
           D:1 |       0 |      32 |   0.0 |       0 |      17 |   0.0 |   664
           D:2 |       0 |      54 |   0.0 |       0 |      22 |   0.0 |  1003
           D:3 |       0 |     150 |   0.0 |       0 |      25 |   0.0 |  1090
           D:4 |       0 |     225 |   0.0 |       0 |       9 |   0.0 |   351
               +---------+---------+-------+---------+---------+-------+---------
